 Dungeon Crawl Stone Soup version 0.24-a0-422-g9eff3895ba (webtiles) character file.

Game seed: 6779231533059204339

23020 nikopol the Eclecticist (level 12, -4/60 HPs)
             Began as a Deep Elf Fire Elementalist on June 12, 2019.
             Was an Elder of Vehumet.
             Slain by a komodo dragon (13 damage)
             ... on level 5 of the Lair of Beasts.
             The game lasted 00:47:38 (16473 turns).

nikopol the Eclecticist (DEFE)                     Turns: 16473, Time: 00:47:39

Health: -4/60      AC: 10    Str:  5    XL:     12   Next: 68%
Magic:  15/33      EV: 16    Int: 26    God:    Vehumet [****..]
Gold:   816        SH:  0    Dex: 18    Spells: 20/41 levels left

rFire    . . .     SeeInvis .   F - +1 falchion (holy)
rCold    . . .     Gourm    .   (no shield)
rNeg     + . .     Faith    .   B - +2 robe {Archmagi}
rPois    .         Spirit   .   v - +1 hat
rElec    .         Reflect  .   e - +2 cloak {MR+}
rCorr    .         Harm     .   H - +0 pair of gloves
MR       ++...                  K - +0 pair of boots
Stlth    +++.......             (no amulet)
HPRegen  0.20/turn              h - +3 ring of dexterity
MPRegen  0.23/turn              O - ring of positive energy

@: lethally poisoned (-4 -> -8), marked
A: no striking features
a: Renounce Religion


You were on level 5 of the Lair of Beasts.
You worshipped Vehumet.
Vehumet was greatly pleased with you.
You were not hungry.

You visited 3 branches of the dungeon, and saw 15 of its levels.
You also visited: Sewer.

You collected 816 gold pieces.

Inventory:

Hand Weapons
 j - a +0 short sword
 F - a +1 falchion of holy wrath (weapon)
Armour
 e - a +2 cloak of magic resistance (worn)
 v - a +1 hat (worn)
 B - a +2 robe of the Archmagi (worn)
 H - a +0 pair of gloves (worn)
 K - a +0 pair of boots (worn)
Jewellery
 h - a +3 ring of dexterity (left hand)
 l - a +2 ring of dexterity
 u - an uncursed ring of ice
 O - a ring of positive energy (right hand)
Wands
 A - a wand of iceblast (24)
 I - a wand of polymorph (19)
 J - a wand of digging (11)
Scrolls
 a - 3 scrolls of enchant weapon {unknown}
 b - a scroll of acquirement {unknown}
 d - a scroll of fear {unknown}
 f - 4 scrolls of remove curse
 g - 2 scrolls of teleportation
 k - 2 scrolls of immolation
 n - 2 scrolls of blinking {unknown}
 r - a scroll of random uselessness {unknown}
 t - 7 scrolls of amnesia {unknown}
 y - 2 scrolls of enchant armour
 E - 3 scrolls of magic mapping {unknown}
 N - a scroll of holy word {unknown}
 Q - a scroll of fog
Potions
 i - 2 potions of lignification
 m - 4 potions of curing
 o - 3 potions of brilliance
 p - 4 potions of mutation
 q - a potion of agility {unknown}
 s - 2 potions of haste
 w - a potion of flight {unknown}
 z - 2 potions of heal wounds {unknown}
 C - a potion of berserk rage {unknown}
 D - a potion of cancellation {unknown}
 L - 2 potions of invisibility {unknown}
 P - a potion of ambrosia
Comestibles
 c - 48 rations
 x - 6 chunks of flesh


   Skills:
 + Level 1.0 Fighting
 + Level 1.2 Long Blades
 + Level 5.3 Dodging
 + Level 5.8 Stealth
 + Level 15.0 Spellcasting
 + Level 12.8 Conjurations
 + Level 13.0 Fire Magic
 + Level 1.1 Evocations


You had 20 spell levels left.
You knew the following spells:

 Your Spells              Type           Power        Failure   Level  Hunger
a - Flame Tongue          Conj/Fire      #####        0%          1    None
b - Throw Flame           Conj/Fire      ######       0%          2    None
c - Conjure Flame         Conj/Fire      #######.     1%          3    None
d - Sticky Flame          Conj/Fire      #######.     1%          4    None
e - Fireball              Conj/Fire      #######...   1%          5    #......
f - Airstrike             Air            ####......   7%          4    None
k - Blink                 Tloc           N/A          4%          2    None

Your spell library contained the following spells:

 Spells                   Type           Power        Failure   Level  Hunger
 Irradiate                Conj/Tmut      ######....   1%          5    #......
 Dazzling Spray           Conj/Hex       ######       1%          3    None
 Inner Flame              Hex/Fire       ######..     1%          3    None
 Static Discharge         Conj/Air       ######..     1%          3    None
 Stone Arrow              Conj/Erth      ######       1%          3    None
 Animate Skeleton         Necr           N/A          2%          1    None
 Apportation              Tloc           ####..       2%          1    None
 Beastly Appendage        Tmut           ####..       2%          1    None
 Confusing Touch          Hex            ####..       2%          1    None
 Corona                   Hex            ####...      2%          1    None
 Pain                     Necr           ####         2%          1    None
 Summon Butterflies       Summ           ####....     2%          1    None
 Summon Small Mammal      Summ           ####         2%          1    None
 Ensorcelled Hibernation  Hex/Ice        ####..       4%          2    None
 Shroud of Golubria       Chrm/Tloc      ####..       4%          2    None
 Sticks to Snakes         Tmut           ####....     4%          2    None
 Call Canine Familiar     Summ           ####....     9%          3    None
 Confuse                  Hex            ####....     9%          3    None
 Gell's Gravitas          Tloc           ####......   9%          3    None
 Lesser Beckoning         Tloc           ####......   9%          3    None
 Regeneration             Chrm/Necr      ####......   9%          3    None
 Spider Form              Tmut/Pois      ####......   9%          3    None
 Teleport Other           Tloc           ####....     9%          3    None
 Tukima's Dance           Hex            ####....     9%          3    None
 Vampiric Draining        Necr           ####......   9%          3    None
 Animate Dead             Necr           N/A          26%         4    None
 Ice Form                 Ice/Tmut       ####....     26%         4    None
 Passage of Golubria      Tloc           N/A          26%         4    None
 Summon Ice Beast         Ice/Summ       ####....     26%         4    None
 Blade Hands              Tmut           ####......   58%         5    #......
 Summon Demon             Summ           ####......   58%         5    #......
 Summon Mana Viper        Hex/Summ       ####....     58%         5    #......
 Shadow Creatures         Summ           N/A          99%         6    ####...
 Summon Hydra             Summ           ####......   100%        7    ######.


Dungeon Overview and Level Annotations

Branches:
Dungeon (9/15)             Temple (1/1) D:5            Lair (5/6) D:9
 Shoals (0/4) Lair:3        Snake (0/4) Lair:3
  Slime: Lair:5-6       Orc: D:9-12

Altars:
Cheibriados
Elyvilon
Fedhas
Gozag
Kikubaaqudgha
Makhleb
Nemelex Xobeh
Okawaru
Qazlal
Sif Muna
Trog
Vehumet
Wu Jian
Xom
Zin

Shops:
D:9 =

Annotations:
D:7 Harold


Message History

The wolf is almost dead.
The wolf is covered in liquid flames!
Your surroundings suddenly seem different.
Vehumet accepts your kill.
You feel your power returning.
You feel a bit more experienced. Vehumet accepts your kill.
You feel a bit more experienced.
A komodo dragon comes into view.
The komodo dragon hisses menacingly.
A komodo dragon comes into view. x2
You feel sick.
You hit the fungus.
The fungus is lightly damaged.
You feel sick. The komodo dragon bites you.
You feel sick.
The komodo dragon completely misses you.
The komodo dragon bites you!!
* * * LOW HITPOINT WARNING * * *
The wolf misses you. The komodo dragon bites you!
You die...

#.........##
#..........#
...........
..........#
PP........#
P.........# #.....l.##
.....#.lP###.
#####.H@..#.# #
#..h.....#.. #. ###
#.S.........
##..##.###.......#...
#...Yh#h##r.......###
##...#...Y†P.......##
#..Y.#rS#...........
#Y.P.....##.........
#.Y..Y....####.<......


You could see an elephant, 2 komodo dragons, a hippogriff, 2 water moccasins, a
wolf and a porcupine.

Vanquished Creatures
  A hydra (Lair:3)
  A two-headed ogre (D:8)
  A manticore (D:8)
  An oklob plant (Lair:2)
  A merfolk siren (Lair:3)
  3 black mambas
  5 komodo dragons
  6 spiny frogs
  3 rime drakes
  Prince Ribbit (D:7)
  A polar bear (Lair:5)
  10 blink frogs (Lair:3)
  5 hippogriffs
  3 wyverns
  20 yaks
  A basilisk (D:9)
  A wraith (D:8)
  4 hogs (D:7)
  Eustachio (D:6)
  A human (D:7)
  A steam dragon (D:9)
  A hungry ghost (D:8)
  7 water moccasins
  4 nagas (Lair:3)
  Duvessa (D:7)
  8 porcupines
  3 orc warriors
  2 sky beasts
  A phantom (D:5)
  5 necrophages (Lair:3)
  7 wolves
  4 centaurs
  5 ogres
  6 crocodiles
  Blork the orc (D:6)
  12 bullfrogs
  Dowan (D:7)
  4 scorpions
  A wyvern skeleton (D:8)
  8 killer bees
  8 wights (D:8)
  A howler monkey (D:8)
  2 crimson imps
  10 orc priests
  5 hounds
  3 bullfrog skeletons
  11 orc wizards
  4 worker ants
  A killer bee zombie (D:9)
  19 adders
  2 shadow imps
  8 oozes (Sewer)
  An adder zombie (D:8)
  An adder skeleton (D:5)
  A worm (D:4)
  A dart slug (D:3)
  20 leopard geckos
  52 orcs
  12 ball pythons (Sewer)
  24 giant cockroaches
  2 goblins
  2 hobgoblins
  6 jackals
  2 quokkas
  5 bats
  14 frilled lizards
  A giant cockroach zombie (D:5)
  5 kobolds
  A quokka skeleton (D:5)
  4 rats
  A bush (Lair:3)
381 creatures vanquished.

Vanquished Creatures (others)
  5 fungi
  3 plants
  3 withered plants (D:8)
11 creatures vanquished.

Grand Total: 392 creatures vanquished

Notes
Turn   | Place    | Note
-------+----------+-------------------------------------------
     0 | D:1      | nikopol the Deep Elf Fire Elementalist began the quest for
                  | the Orb.
     0 | D:1      | Reached XP level 1. HP: 10/10 MP: 6/6
   818 | D:2      | Reached XP level 2. HP: 15/15 MP: 5/8
  1174 | D:2      | Reached XP level 3. HP: 19/19 MP: 1/9
  1178 | D:2      | Learned a level 2 spell: Throw Flame
  1182 | D:2      | Learned a level 3 spell: Conjure Flame
  1681 | D:2      | Found a shimmering altar of Xom.
  1898 | D:3      | Reached XP level 4. HP: 24/24 MP: 8/11
  1907 | D:3      | Found a glowing drain.
  1916 | D:3      | Reached skill level 4 in Spellcasting
  1931 | Sewer    | Entered a sewer
  2391 | Sewer    | Reached XP level 5. HP: 28/28 MP: 9/14
  2809 | Sewer    | Reached skill level 5 in Spellcasting
  2836 | Sewer    | Learned a level 4 spell: Sticky Flame
  2965 | Sewer    | Reached skill level 5 in Fire Magic
  2965 | Sewer    | Reached XP level 6. HP: 29/32 MP: 10/16
  3114 | D:3      | Found a white marble altar of Elyvilon.
  3277 | D:3      | Found an opulent altar of Gozag.
  3278 | D:3      | Found a stormy altar of Qazlal.
  3283 | D:3      | Found an iron altar of Okawaru.
  3887 | D:4      | Reached skill level 6 in Spellcasting
  3891 | D:4      | Reached XP level 7. HP: 31/36 MP: 10/18
  4635 | D:5      | Entered Level 5 of the Dungeon
  4706 | D:5      | Found an ornate altar of the Wu Jian Council.
  4742 | D:5      | Found a sparkling altar of Nemelex Xobeh.
  4826 | D:5      | Found a staircase to the Ecumenical Temple.
  4837 | Temple   | Entered the Ecumenical Temple
  4870 | Temple   | Became a worshipper of Vehumet
  5200 | D:5      | Found an iron altar of Okawaru.
  5226 | D:5      | Reached skill level 7 in Spellcasting
  5659 | D:5      | Learned a level 5 spell: Fireball
  5686 | D:5      | Reached * piety under Vehumet
  5686 | D:5      | Offered knowledge of Sandblast by Vehumet.
  5771 | D:5      | Reached skill level 5 in Conjurations
  5771 | D:5      | Reached XP level 8. HP: 30/41 MP: 11/20
  6105 | D:6      | Noticed Eustachio
  6139 | D:6      | Killed Eustachio
  6257 | D:6      | Noticed Blork the orc
  6286 | D:6      | Killed Blork the orc
  6917 | D:7      | Found a bloodstained altar of Trog.
  7054 | D:7      | Found a glowing silver altar of Zin.
  7070 | D:7      | Got an ichor-stained leather armour
  7081 | D:7      | Identified the +2 leather armour "Nuruk" {rC+} (You found
                  | it on level 7 of the Dungeon)
  7106 | D:7      | Noticed Prince Ribbit
  7114 | D:7      | Killed Prince Ribbit
  7114 | D:7      | Reached skill level 8 in Spellcasting
  7462 | D:7      | Noticed Harold
  7957 | D:7      | Noticed Duvessa
  7965 | D:7      | Noticed Dowan
  7969 | D:7      | Killed Duvessa
  7969 | D:7      | Reached XP level 9. HP: 45/45 MP: 11/23
  7975 | D:7      | Killed Dowan
  8348 | D:7      | Reached skill level 9 in Spellcasting
  8584 | D:7      | You fall into a shaft and drop 2 floors!
  8755 | D:9      | Reached skill level 1 in Evocations
  8765 | D:9      | Reached ** piety under Vehumet
  8765 | D:9      | Offered knowledge of Searing Ray by Vehumet.
  8906 | D:8      | Reached skill level 10 in Spellcasting
  9341 | D:8      | Reached XP level 10. HP: 51/51 MP: 21/26
  9365 | D:8      | Found an ancient bone altar of Kikubaaqudgha.
  9653 | D:8      | Offered knowledge of Ignite Poison by Vehumet.
  9683 | D:8      | Noticed a two-headed ogre
  9687 | D:8      | Killed a two-headed ogre
  9794 | D:8      | Found a blossoming altar of Fedhas.
  9825 | D:8      | Reached skill level 11 in Spellcasting
 10117 | D:8      | Noticed a manticore
 10123 | D:8      | Killed a manticore
 10123 | D:8      | Reached *** piety under Vehumet
 10806 | D:9      | Found a snail-covered altar of Cheibriados.
 10836 | D:9      | Reached skill level 10 in Fire Magic
 10844 | D:9      | Offered knowledge of Airstrike by Vehumet.
 10876 | D:9      | Learned a level 4 spell: Airstrike
 11197 | D:9      | Reached skill level 12 in Spellcasting
 11205 | D:9      | Reached skill level 10 in Conjurations
 11323 | D:9      | Reached skill level 5 in Dodging
 11330 | D:9      | Found a deep blue altar of Sif Muna.
 11370 | D:9      | Found Ryorghiaps's Jewellery Shop.
 11922 | D:9      | Reached XP level 11. HP: 55/55 MP: 19/29
 11979 | D:9      | Found a staircase to the Lair.
 12068 | Lair:1   | Entered Level 1 of the Lair of Beasts
 12156 | Lair:1   | Reached skill level 5 in Stealth
 12208 | Lair:1   | Reached **** piety under Vehumet
 12344 | Lair:1   | Identified the Grimoire of Damaging Summoning
 12546 | Lair:1   | Offered knowledge of Irradiate by Vehumet.
 12629 | Lair:1   | Learned a level 2 spell: Blink
 12634 | Lair:1   | Reached skill level 13 in Spellcasting
 12967 | Lair:2   | Noticed an oklob plant
 12987 | Lair:2   | Killed an oklob plant
 13104 | Lair:2   | Found a glowing silver altar of Zin.
 14219 | Lair:3   | Noticed a seven-headed hydra
 14473 | Lair:3   | Reached skill level 1 in Long Blades
 14618 | Lair:3   | Killed a seven-headed hydra
 14618 | Lair:3   | Reached skill level 14 in Spellcasting
 14618 | Lair:3   | Reached XP level 12. HP: 60/60 MP: 19/32
 14974 | Lair:3   | Found a staircase to the Snake Pit.
 15091 | Lair:3   | Found a deep blue altar of Sif Muna.
 15258 | Lair:3   | Reached skill level 1 in Fighting
 15339 | Lair:3   | Found a staircase to the Shoals.
 15720 | Lair:4   | Found a burning altar of Makhleb.
 16313 | Lair:5   | Reached skill level 15 in Spellcasting
 16473 | Lair:5   | Slain by a komodo dragon

Levels and vault maps discovered:
D:1:      lightli_iron_boxes, layout_basic, chequers_serial_rivers_room_a
D:2:      minmay_alternating_diamond, layout_basic, tgw_xom, serial_curves,
          eino_curves_02, eino_curves_02
D:3:      layout_rooms, lemuel_crystal_altar, grunt_temple_overflow_open,
          gup_sewer_entry_pipe, minmay_misc_feat_nine_boxes
D:4:      layout_layer_cave, minmay_misc_feat_ornament, corexii_leaking_fountain
D:5:      layout_rooms, lemuel_doored_altar, lemuel_round_altar,
          minmay_temple_entry_junction, first_ration, lemuel_tele_altar
D:6:      layout_gridville, uniq_eustachio, uniq_blork_the_orc
D:7:      layout_loops_corners, overflow_temple_1_default,
          nicolae_overflow_crystal_walls, grunt_livestock, nrook_mini_vaults,
          uniq_prince_ribbit1, uniq_harold, uniq_duvessa
D:8:      layout_loops_ring, kiku_gazebo_garden_becter,
          overflow_temple_1_default, kb_rosetta
D:9:      layout_irregular_city, marbit_many_paths, tgw_sif, erik_lair_dragon,
          serial_shops, shop
Temple:   nicolae_temple_figure_zero
Lair:1:   layout_concentric_octagons
Lair:2:   layout_regular_city, chequers_serial_rivers_micro_c,
          lemuel_oklob_altar, grunt_megastairs_4, lemuel_fruit_tree
Lair:3:   layout_chaotic_city, minmay_shoals_entry_lonely_mermaid,
          minmay_snake_entry_guardpost_small, basic_altar, roderic_carrion_pond
Lair:4:   layout_cave_shapes, basic_altar, st_stairs_9
Lair:5:   layout_cave_pods, chequers_serial_rivers_small_3, lemuel_fruit_fields

Skill      XL: |  1  2  3  4  5  6  7  8  9 10 11 12 |
---------------+-------------------------------------+-----
Fire Magic     | 4 5 6 7 9 10 12 13 | 13.0
Conjurations   | 2 3 5 6 8 10 11 12 | 12.8
Spellcasting   | 4 5 6 7 8 10 12 14 15 | 15.0
Dodging        | 3 4 5 |  5.3
Stealth        | 3 4 5 |  5.8
Evocations     | 1 |  1.1
Long Blades    | 1 |  1.2
Fighting       | 1 |  1.0

Action                   |  1- 3 |  4- 6 |  7- 9 | 10-12 || total
-------------------------+-------+-------+-------+-------++-------
Melee: Falchion          |       |       |       |     1 ||     1
 Cast: Flame Tongue      |    52 |    91 |   216 |   267 ||   626
       Throw Flame       |       |    37 |    25 |    32 ||    94
       Sticky Flame      |       |     1 |    22 |    67 ||    90
       Conjure Flame     |       |       |     9 |     7 ||    16
       Fireball          |       |       |    10 |    65 ||    75
Evoke: Wand              |       |       |     2 |     1 ||     3
  Use: Scroll            |     6 |       |     7 |     4 ||    17
       Potion            |       |       |       |     1 ||     1
  Eat: Chunk             |     3 |     6 |    16 |    24 ||    49
       Ration            |       |       |     1 |     1 ||     2
Armor: Robe              |     1 |     5 |    12 |    17 ||    35
Dodge: Dodged            |    24 |    11 |    58 |    77 ||   170
       Rpst.: Falchion   |       |       |     2 |    18 ||    20

Table legend:
 A = Non-vault XP
 B = Vault XP
 C = Vault XP percentage of total XP
 D = Non-vault monster count
 E = Vault monster count
 F = Vault count percentage of total count
                 A         B        C        D         E       F
            +---------+---------+-------+---------+---------+-------
      Total |   24232 |    8655 |  26.3 |     263 |     117 |  30.8
            +---------+---------+-------+---------+---------+-------
        D:1 |      11 |       0 |   0.0 |       7 |       0 |   0.0
        D:2 |      47 |      20 |  29.9 |      14 |       4 |  22.2
        D:3 |     108 |      22 |  16.9 |      21 |       9 |  30.0
        D:4 |     162 |       0 |   0.0 |      10 |       0 |   0.0
        D:5 |     660 |       0 |   0.0 |      34 |       0 |   0.0
        D:6 |     343 |     285 |  45.4 |       9 |       2 |  18.2
        D:7 |     416 |    1463 |  77.9 |       9 |       8 |  47.1
        D:8 |    3302 |     803 |  19.6 |      40 |       4 |   9.1
        D:9 |    1595 |    1444 |  47.5 |      41 |       8 |  16.3
     Temple |       3 |       0 |   0.0 |       1 |       0 |   0.0
     Lair:1 |    3591 |       0 |   0.0 |      18 |       0 |   0.0
     Lair:2 |    3394 |    2323 |  40.6 |      15 |       8 |  34.8
     Lair:3 |    6451 |    1735 |  21.2 |      25 |      10 |  28.6
     Lair:4 |    2638 |     151 |   5.4 |      12 |       1 |   7.7
     Lair:5 |    1511 |       0 |   0.0 |       7 |       0 |   0.0
      Sewer |       0 |     409 | 100.0 |       0 |      63 | 100.0
            +---------+---------+-------+---------+---------+-------
